 Dungeon Crawl Stone Soup version 0.23-a0-183-gf37f6fb (webtiles) character file.

172 namelastname112 the Sneak (level 5, -21/45 HPs)
             Began as a Draconian Assassin on Sept 21, 2018.
             Demolished by an ogre
             ... wielding a +0 giant club
              (25 damage)
             ... on level 4 of the Dungeon.
             The game lasted 00:02:58 (1938 turns).

namelastname112 the Sneak (Draconian Assassin)      Turns: 1938, Time: 00:02:58

Health: -21/45     AC:  6    Str: 14    XL:     5   Next: 27%
Magic:  5/5        EV: 12    Int: 11    God:
Gold:   194        SH:  0    Dex: 13    Spells: 4/4 levels left

rFire    . . .     SeeInvis .   r - +1 dagger (drain)
rCold    . . .     Gourm    .   (no shield)
rNeg     . . .     Faith    .   (armour unavailable)
rPois    .         Spirit   .   (helmet restricted)
rElec    .         Reflect  .   c - +0 cloak
rCorr    .         Harm     .   (no gloves)
MR       .....                  (no boots)
Stlth    +++.......             (no amulet)
HPRegen  0.15/turn              (no ring)
MPRegen  0.09/turn              (no ring)

@: no status effects
A: unfitting armour, cold-blooded, AC +5
a: no special abilities


You were on level 4 of the Dungeon.
You were hungry.

You visited 1 branch of the dungeon, and saw 4 of its levels.

You collected 194 gold pieces.

Inventory:

Hand Weapons
 a - a +2 dagger
 b - a +0 blowgun
 r - a +1 dagger of draining (weapon)
Missiles
 d - 15 poisoned needles
 e - 2 curare-tipped needles
 h - a throwing net (quivered)
Armour
 c - a +0 cloak (worn)
Scrolls
 g - 3 scrolls of remove curse {unknown}
 k - 3 scrolls of teleportation {unknown}
 l - a scroll of magic mapping {unknown}
 n - a scroll of random uselessness {unknown}
 p - 2 scrolls of blinking {unknown}
 t - a scroll of immolation {unknown}
 u - a scroll of fog {unknown}
 w - a scroll of amnesia {unknown}
Potions
 i - 3 potions of curing {unknown}
 j - a potion of cancellation {unknown}
 m - a potion of mutation {unknown}
 o - 3 potions of heal wounds {unknown}
 q - a potion of resistance {unknown}
 s - a potion of brilliance {unknown}
Comestibles
 f - 8 rations


   Skills:
 + Level 3.0 Fighting
 * Level 3.4 Short Blades
 + Level 2.4 Throwing
 + Level 1.7 Dodging
 * Level 4.6 Stealth


You had 4 spell levels left.
You didn't know any spells.
Your spell library was empty.

Dungeon Overview and Level Annotations

Branches:
Dungeon (4/15)
 Temple: D:4-7

Altars:
Hepliaklqana
Nemelex Xobeh
Qazlal
The Shining One


Innate Abilities, Weirdness & Mutations

Your plain brown scales are hard. (AC +5)
You cannot fit into any form of body armour.
You are cold-blooded and may be slowed by cold attacks.


Message History

Aim: an ogre, wielding a giant club (lightly wounded, poisoned)
You shoot a poisoned needle. The poisoned needle hits the ogre.
The ogre looks even sicker.
The ogre is lightly wounded.
Wield which item (- for none, * to show all)? (? for menu, Esc to quit)
You sense an unholy aura.
r - a +1 dagger of draining (weapon)
The ogre hits you with a giant club!
You take 16 damage, and have 29/45 hp.
MASSIVE DAMAGE!!
You barely miss the ogre.
Your tail-slap misses the ogre.
The ogre is lightly wounded.
You hit the ogre.
The ogre is moderately wounded.
The ogre hits you with a giant club!!
Ouch! That really hurt!
* * * LOW HITPOINT WARNING * * *
You take 25 damage, and have 4/45 hp.
MASSIVE DAMAGE!!
The ogre hits you with a giant club!!
Ouch! That really hurt!
You die...

### .... #.. ...#
#.###...#
#.#.....#
#####....(..#
#....?..(...#
#...........#
#....O.....[#
#...@.......#
######........####
..............#
#######'##.####
.........#...
#######..#######
..............#
.############.#
#...#


You could see an ogre.

Vanquished Creatures
  An orc wizard (D:3)
  Jessica (D:2)
  2 adders
  2 worms
  2 dart slugs
  3 leopard geckos
  9 orcs (D:3)
  8 bats
  5 giant cockroaches
  7 goblins
  12 hobgoblins
  4 jackals (D:3)
  A quokka (D:2)
  3 ball pythons
  A frilled lizard (D:3)
  7 kobolds
  4 rats
72 creatures vanquished.

Vanquished Creatures (others)
  A kobold (D:2)
1 creature vanquished.

Grand Total: 73 creatures vanquished

Notes
Turn   | Place    | Note
-------+----------+-------------------------------------------
     0 | D:1      | namelastname112 the Draconian Assassin began the quest for
                  | the Orb.
     0 | D:1      | Reached XP level 1. HP: 17/17 MP: 1/1
   113 | D:1      | Reached skill level 1 in Dodging
   237 | D:1      | Reached XP level 2. HP: 22/25 MP: 2/2
   664 | D:2      | Reached skill level 4 in Stealth
   668 | D:2      | Reached XP level 3. HP: 30/30 MP: 3/3
   812 | D:2      | Noticed Jessica
   817 | D:2      | Killed Jessica
   902 | D:2      | Found a sparkling altar of Nemelex Xobeh.
   912 | D:2      | Found a glowing golden altar of the Shining One.
   925 | D:2      | Reached XP level 4. HP: 37/37 MP: 4/4
   991 | D:2      | Noticed an air elemental
  1001 | D:2      | Noticed a water elemental
  1003 | D:2      | Found a stormy altar of Qazlal.
  1004 | D:2      | Noticed an earth elemental
  1004 | D:2      | Noticed a fire elemental
  1330 | D:3      | Found a hazy altar of Hepliaklqana.
  1530 | D:3      | Reached XP level 5. HP: 33/44 MP: 5/5
  1925 | D:4      | Noticed an ogre
  1938 | D:4      | Demolished by an ogre

Vault maps used:
D:1:      minmay_arrival_stair_chambers
D:2:      nicolae_overflow_crystal_walls, nicolae_qazlal_style_of_elements,
          nemelex_diamond_rough_becter, uniq_jessica
D:3:      lemuel_crystal_altar
D:4:      overflow_temple_1_default, chequers_ossuary_entry_cave,
          chei_slow_surprise, uniq_menkaure

Skill      XL: |  1  2  3  4  5 |
---------------+----------------+-----
Dodging        | 1 |  1.7
Throwing       | 2 |  2.4
Stealth        | 4 |  4.6
Short Blades   | 3 |  3.4
Fighting       | 3 |  3.0

Action                   |  1- 3 |  4- 6 || total
-------------------------+-------+-------++-------
Melee: Dagger            |    89 |   155 ||   244
       Tailslap          |     8 |    20 ||    28
 Fire: Blowgun           |       |     3 ||     3
 Stab: Sleeping          |     4 |       ||     4
  Eat: Chunk             |       |     3 ||     3
Armor: Skin              |    35 |    51 ||    86
Dodge: Dodged            |    76 |   116 ||   192

Table legend:
 A = Non-vault XP
 B = Vault XP
 C = Vault XP percentage of total XP
 D = Non-vault monster count
 E = Vault monster count
 F = Vault count percentage of total count
                 A         B        C        D         E       F
            +---------+---------+-------+---------+---------+-------
      Total |     210 |      37 |  15.0 |      71 |       1 |   1.4
            +---------+---------+-------+---------+---------+-------
        D:1 |      30 |       0 |   0.0 |      19 |       0 |   0.0
        D:2 |      68 |      37 |  35.2 |      28 |       1 |   3.4
        D:3 |     112 |       0 |   0.0 |      24 |       0 |   0.0
            +---------+---------+-------+---------+---------+-------
